 Dungeon Crawl Stone Soup version 0.23.2-1-ga50397a (webtiles) character file.

Game seed: 14319217597150824055

3112 Fang the Fighter (level 9, -1/88 HPs)
             Began as a Gargoyle Berserker on May 30, 2019.
             Was an Elder of Trog.
             Killed from afar by an orc wizard (7 damage)
             ... with a puff of flame
             ... on level 8 of the Dungeon.
             The game lasted 00:06:20 (7499 turns).

Fang the Fighter (Gargoyle Berserker)               Turns: 7499, Time: 00:06:21

Health: -1/88      AC: 24    Str: 23    XL:     9   Next: 91%
Magic:  9/9        EV:  2    Int:  9    God:    Trog [****..]
Gold:   521        SH:  0    Dex:  9    Spells: 8/8 levels left

rFire    . . .     SeeInvis .   a - +0 hand axe
rCold    . . .     Gourm    .   (no shield)
rNeg     + + +     Faith    .   (armour currently unavailable)
rPois    ∞         Spirit   .   (helmet currently unavailable)
rElec    .         Reflect  .   (cloak currently unavailable)
rCorr    .         Harm     .   (gloves currently unavailable)
MR       .....     NoTele   +   (boots currently unavailable)
Stlth    ..........             (no amulet)
HPRegen  0.24/turn              D - ring of attention (curse)
MPRegen  0.11/turn              G - +1 ring of slaying

@: confused, tree-form
A: negative energy resistance 1, petrification resistance, rot immunity, AC +6
a: Berserk, Trog's Hand, Brothers in Arms, Renounce Religion


You were on level 8 of the Dungeon.
You worshipped Trog.
Trog was greatly pleased with you.
You were not hungry.
You were a tree.
You visited 2 branches of the dungeon, and saw 9 of its levels.

You collected 521 gold pieces.

Inventory:

Hand Weapons
 a - a +0 hand axe (weapon)
Armour
 b - a +0 chain mail (melded)
 E - a cursed +0 cloak (melded)
Jewellery
 y - an uncursed ring of protection from fire
 A - a +6 ring of protection
 D - a cursed ring of attention (left branch)
 G - a +1 ring of slaying (right branch)
Wands
 s - a wand of flame (6)
 w - a wand of disintegration (7)
 B - a wand of acid (8)
 C - a wand of iceblast (7)
Scrolls
 f - 7 scrolls of identify {unknown}
 g - a scroll of enchant armour {unknown}
 h - 3 scrolls of teleportation {unknown}
 j - a scroll of random uselessness {unknown}
 m - 7 scrolls of remove curse {unknown}
 n - a scroll of amnesia {unknown}
 o - a scroll of fear {unknown}
 p - a scroll of fog {unknown}
 q - 2 scrolls of blinking {unknown}
 x - a scroll of noise {unknown}
 z - a scroll of enchant weapon {unknown}
Potions
 d - 2 potions of magic {unknown}
 e - 2 potions of mutation {unknown}
 i - a potion of heal wounds {unknown}
 k - 2 potions of curing {unknown}
 l - a potion of haste {unknown}
 r - a potion of lignification
 t - a potion of resistance {unknown}
 u - 2 potions of might {unknown}
 v - 2 potions of agility {unknown}
Comestibles
 c - 13 rations


   Skills:
 + Level 8.1 Fighting
 + Level 6.8 Axes
 + Level 7.7 Armour
 + Level 5.8 Dodging


You had 8 spell levels left.
You didn't know any spells.
Your spell library was empty.

Dungeon Overview and Level Annotations

Branches:
Dungeon (8/15)             Temple (1/1) D:5
   Lair: D:8-11

Altars:
Ashenzari
Cheibriados
Dithmenos
Kikubaaqudgha
Makhleb
Qazlal
Ru
Vehumet
Yredelemnul

Shops:
D:4 *   D:6 *


Innate Abilities, Weirdness & Mutations

You are resistant to torment.
((Your stone body is resilient. (AC +6)))
You are immune to poison.
You resist negative energy. (rN+)
((You are resistant to electric shocks. (rElec)))
((You can survive without breathing.))
You are immune to petrification.
You are immune to rotting.


Message History

* * * LOW HITPOINT WARNING * * *
You hit the ogre.
The ogre is moderately wounded.
You hit the crimson imp. You hit the wight.
The orc wizard gestures wildly while chanting.
The orc wizard flickers and vanishes!
Deactivating autopickup; reactivate with Ctrl-A.
The crimson imp closely misses you. The ogre hits you with a +0 giant club!
* * * LOW HITPOINT WARNING * * *
The crimson imp hits you with a +0 war axe.
* * * LOW HITPOINT WARNING * * *
It was a potion of lignification.
You turn into a tree.
Your cursed +0 cloak melds into your body.
Your +0 chain mail melds into your body.
Your roots penetrate the ground.
The ogre hits you but does no damage.
You hear some strange, mumbled words.
A puff of flame appears from out of thin air!
The puff of flame hits you!
You die...

#### ##.........# ...##
#..........# ##..####
#..........#
###....####..........#
.#####..#....#########
.....##.....##########
###......#.)###......##
.##.....###..#z.......##
.......## ##..zz♣......#
..#....# #...5O......#
..###### ##..........#
.## #....?.....# .^#
#..........# ..#
##).).....## ..#
#.)).....# ..###
#.......... ....#
............


You could see an ogre, 3 wights and a crimson imp.

Vanquished Creatures
  Grinder (D:4)
  A hippogriff (D:7)
  A hungry ghost (D:6)
  Menkaure (D:6)
  An ice beast (D:6)
  A sky beast (D:6)
  2 black bears (D:7)
  2 centaurs
  5 ogres
  2 bullfrogs
  6 scorpions
  5 wights
  3 howler monkeys
  A crimson imp (D:8)
  A jelly (D:8)
  4 hounds
  A gnoll shaman (D:8)
  A bullfrog skeleton (D:7)
  2 iguanas
  An orc wizard (D:6)
  2 centaur skeletons
  4 worker ants
  A hound zombie (D:6)
  A worker ant zombie (D:6)
  11 gnolls
  6 adders
  2 shadow imps (D:7)
  An ooze (D:1)
  2 worms
  A dart slug (D:2)
  6 leopard geckos
  9 orcs
  2 ball pythons (D:3)
  3 giant cockroaches
  12 goblins
  7 hobgoblins
  16 jackals
  5 quokkas
  13 bats
  5 frilled lizards
  10 kobolds
  8 rats
  A fungus (D:6)
170 creatures vanquished.

Notes
Turn   | Place    | Note
-------+----------+-------------------------------------------
     0 | D:1      | Fang the Gargoyle Berserker began the quest for the Orb.
     0 | D:1      | Reached XP level 1. HP: 14/14 MP: 1/1
   139 | D:1      | Reached XP level 2. HP: 18/19 MP: 2/2
   365 | D:1      | Reached XP level 3. HP: 23/23 MP: 3/3
   685 | D:1      | Reached ** piety under Trog
   907 | D:2      | Reached XP level 4. HP: 16/29 MP: 4/4
  1287 | D:2      | Found an ancient bone altar of Kikubaaqudgha.
  1463 | D:2      | Reached skill level 4 in Fighting
  1759 | D:2      | Reached XP level 5. HP: 23/33 MP: 5/5
  1903 | D:3      | Found a sacrificial altar of Ru.
  2436 | D:3      | Reached *** piety under Trog
  2672 | D:4      | Found Karch's Assorted Antiques.
  2821 | D:4      | Reached XP level 6. HP: 28/39 MP: 6/6
  2903 | D:4      | Noticed Grinder
  2913 | D:4      | Killed Grinder
  2913 | D:4      | Reached skill level 5 in Fighting
  3156 | D:4      | Reached XP level 7. HP: 12/44 MP: 7/7
  3628 | D:5      | Entered Level 5 of the Dungeon
  3725 | D:5      | Found a snail-covered altar of Cheibriados.
  3844 | D:5      | Found a shadowy altar of Dithmenos.
  4061 | D:5      | Found a staircase to the Ecumenical Temple.
  4105 | Temple   | Entered the Ecumenical Temple
  4205 | D:5      | Found a burning altar of Makhleb.
  4221 | D:5      | Found a snail-covered altar of Cheibriados.
  4300 | D:5      | Noticed a green death
  4304 | D:5      | Noticed a neqoxec
  4304 | D:5      | Noticed a neqoxec
  4507 | D:6      | Found Reostrama's General Store.
  4557 | D:6      | Reached skill level 5 in Armour
  4657 | D:6      | Reached XP level 8. HP: 51/51 MP: 8/8
  4766 | D:6      | Found the +7 Singing Sword {slice, sonic wave}
  4840 | D:6      | Reached skill level 6 in Fighting
  4840 | D:6      | Reached skill level 5 in Axes
  5188 | D:6      | Found a radiant altar of Vehumet.
  5430 | D:6      | Found a shattered altar of Ashenzari.
  5780 | D:7      | Noticed Menkaure
  5786 | D:7      | Noticed a hippogriff
  5803 | D:6      | Killed Menkaure
  5871 | D:6      | Reached skill level 7 in Fighting
  5871 | D:6      | Reached XP level 9. HP: 25/57 MP: 9/9
  6155 | D:7      | Reached skill level 5 in Dodging
  6225 | D:7      | Reached **** piety under Trog
  6408 | D:7      | Found a stormy altar of Qazlal.
  7320 | D:8      | Found a basalt altar of Yredelemnul.
  7451 | D:8      | Reached skill level 8 in Fighting
  7499 | D:8      | Killed from afar by an orc wizard

Skill      XL: |  1  2  3  4  5  6  7  8  9 |
---------------+----------------------------+-----
Axes           | 3 4 5 6 |  6.8
Dodging        | 2 3 4 5 |  5.8
Armour         | 3 4 5 6 7 |  7.7
Fighting       | 4 5 7 8 |  8.1

Action                   |  1- 3 |  4- 6 |  7- 9 || total
-------------------------+-------+-------+-------++-------
Melee: Hand axe          |    96 |   183 |   548 ||   827
Invok: Berserk           |     1 |     3 |     6 ||    10
  Use: Potion            |       |       |     1 ||     1
 Stab: Sleeping          |       |     1 |       ||     1
       Held in net/web   |       |       |     1 ||     1
  Eat: Chunk             |       |    10 |    16 ||    26
       Ration            |       |       |     5 ||     5
Armor: Animal skin       |    31 |    63 |       ||    94
       Chain mail        |       |     1 |   426 ||   427
       Skin              |       |       |     1 ||     1
Dodge: Dodged            |    57 |   121 |   304 ||   482
